 Dungeon Crawl Stone Soup version 0.18.1-8-gdd0e5ea (webtiles) character file.

124293 M4edhros the Fetichist (level 16, 0/174 HPs)
             Began as an Octopode Artificer on June 8, 2016.
             Was the Champion of Fedhas.
             Killed by vampiric draining
             ... invoked by a deep elf death mage
              (25 damage)
             ... on level 3 of the Elven Halls.
             The game lasted 01:55:16 (37253 turns).

M4edhros the Fetichist (Octopode Artificer)        Turns: 37253, Time: 01:55:16

Health: 0/174      AC:  4    Str: 19    XL:     16   Next: 92%
Magic:  21/22      EV: 24    Int: 18    God:    Fedhas [******]
Gold:   1152       SH: 13    Dex: 25    Spells: 4 memorised, 3 levels left

rFire  + . .     SeeInvis +     a - +11 morningstar "Eos" {elec, -Tele rElec SInv}
rCold  + + .     Gourm    .     I - +0 buckler "Mist" {MR+} (curse)
rNeg   . . .     Faith    .     F - +1 hat
rPois  .         Spirit   .     p - +6 amulet of reflection
rElec  +         Dismiss  .     n - ring of protection from fire
rCorr  .         Reflect  +     f - +5 ring of dexterity (curse)
SustAt +         Harm     .     V - +2 ring of intelligence
MR     +++..     NoTele   +     Z - ring of protection from cold
Stlth  ..........               g - ring of protection from cold
                                N - ring of sustain attributes
                                w - ring of protection from magic
                                S - +4 ring of strength (curse)

@: berserking (expiring), very slightly contaminated, very quick, extremely
resistant to hostile enchantments, extremely unstealthy
A: almost no armour, amphibious, 8 rings, constrict 8, fangs 1, yellow scales 1,
camouflage 2, blurry vision 1, clever 1, low mp 2, mutation resistance 1,
regeneration 1, robust 1, screaming 1, gelatinous body 1
a: Evolution, Sunlight, Growth, Reproduction, Rain, Renounce Religion


You were on level 3 of the Elven Halls.
You worshipped Fedhas.
Fedhas was exalted by your worship.
You were not hungry.

You visited 5 branches of the dungeon, and saw 29 of its levels.
You also visited: Labyrinth and Ice Cave.

You collected 2285 gold pieces.
You spent 347 gold pieces at shops.

Inventory:

Hand Weapons
 a - the +11 morningstar "Eos" (weapon) {elec, -Tele rElec SInv}
   (You found it in a labyrinth)

   Occasionally, upon striking a foe, it will discharge some electrical energy
   and cause terrible harm.
   It insulates you from electricity.
   It lets you see invisible.
   It prevents most forms of teleportation.
 i - a +4 vampiric scythe
 l - a +0 blowgun
 q - the cursed +1 hunting sling of Syosoog {flame, rN+ Str+8}
   (You found it on level 5 of the Dungeon)

   It causes projectiles fired from it to burn those they strike, causing extra
   injury to most foes and up to half again as much damage against particularly
   susceptible opponents.
   It affects your strength (+8).
   It protects you from negative energy.
   It has a curse placed upon it.
Missiles
 j - 155 sling bullets
 m - 89 poisoned needles
Armour
 F - a +1 hat (worn)
 I - the cursed +0 buckler "Mist" (worn) {MR+}
   (You bought it in a shop on level 2 of the Orcish Mines)

   It affects your resistance to hostile enchantments.
   It has a curse placed upon it.
Rods
 b - a +7 rod of inaccuracy (17/17)
   (You found it in a labyrinth)
 E - a +3 rod of shadows (10/10)
   (You took it off an orc warrior on level 2 of the Orcish Mines)
Jewellery
 f - a cursed +5 ring of dexterity (right tentacle)
 g - a ring of protection from cold (on tentacle)
 n - a ring of protection from fire (left tentacle)
 p - a +6 amulet of reflection (around mantle)
 w - a ring of protection from magic (on tentacle)
 N - a ring of sustain attributes (on tentacle)
 S - a cursed +4 ring of strength (on tentacle)
 V - a +2 ring of intelligence (on tentacle)
 Z - a ring of protection from cold (on tentacle)
Wands
 c - a wand of iceblast (8/15)
 k - a wand of disintegration (0/24)
 r - a wand of slowing (20/48)
 s - a wand of flame (29/48)
 t - a wand of lightning (1/15)
 v - a wand of teleportation (4/9)
 z - a wand of paralysis (11/24)
 B - a wand of paralysis (8/24)
 P - a wand of digging (9/24)
 R - a wand of digging (10/24)
 W - a wand of confusion (18/48)
 X - a wand of enslavement (11/24)
Scrolls
 u - 2 scrolls of blinking
 C - 7 scrolls of teleportation
 D - 4 scrolls of fog
 M - 2 scrolls of fear
 T - 2 scrolls of silence
 U - 7 scrolls of identify
Potions
 d - 3 potions of might
 e - 2 potions of berserk rage
 A - 7 potions of curing
 G - 3 potions of haste
 K - 2 potions of magic
 Q - a potion of brilliance
 Y - a potion of agility
Miscellaneous
 h - a box of beasts
 y - a legendary deck of defence {the Tomb}
 H - a phantom mirror
 O - a phial of floods (inert)
Comestibles
 o - 6 slices of pizza
 x - 11 bread rations
 L - 15 fruits


   Skills:
 + Level 8.6 Fighting
   Level 1.0 Short Blades
 - Level 10.0 Maces & Flails
 - Level 9.5 Polearms
 - Level 3.1 Slings
 - Level 10.9 Dodging
 - Level 15.1 Stealth
 * Level 8.1 Shields
 - Level 5.4 Hexes
 - Level 5.4 Charms
 - Level 9.2 Invocations
 * Level 15.9 Evocations


You had 3 spell levels left.
You knew the following spells:

 Your Spells              Type           Power        Failure   Level  Hunger
a - Swiftness             Chrm/Air       #.......     12%         2    ###....
b - Tukima's Dance        Hex            ###.....     10%         3    ####...
c - Passage of Golubria   Tloc           N/A          99%         4    #####..
d - Ozocubu's Armour      Chrm/Ice       #.......     24%         3    ####...


Dungeon Overview and Level Annotations

Branches:
Dungeon (15/15)            Temple (1/1) D:7            Lair (8/8) D:11
  Swamp (0/4) Lair:6       Spider (0/4) Lair:5        Slime (0/6) Lair:7
    Orc (2/2) D:11            Elf (3/3) Orc:2        Vaults (0/5) D:13
 Depths: D:15

Altars:
Ashenzari
Cheibriados
Dithmenos
Elyvilon
Fedhas
Gozag
Kikubaaqudgha
Makhleb
Nemelex Xobeh
Okawaru
Pakellas
Qazlal
Ru
Sif Muna
Trog
Vehumet
Xom
Yredelemnul
Zin
The Shining One
Beogh

Shops:
D:10 =   D:11 ?   Orc:1 (   Orc:2 [}[%   Elf:1 (

Annotations:
Elf:2 5 runed doors
Elf:3 Liquid's ghost, adept KoBe


Innate Abilities, Weirdness & Mutations

You cannot wear most types of armour.
You are amphibious.
You can wear up to eight rings at the same time.
You can use your tentacles to constrict eight enemies at once.
Your skin blends seamlessly with your surroundings (Stealth).
Your rubbery body absorbs attacks (AC +1).
You have very sharp teeth.
You are partially covered in yellow scales (AC +2).
Scrolls take you a little longer to read.
Your mind is acute. (Int +2)
Your magical capacity is very low (-20% MP).
You are somewhat resistant to further mutation.
Your natural rate of healing is unusually fast.
You are robust (+10% HP).
You occasionally shout uncontrollably at your foes.


Message History

The deep elf death mage points at you and mumbles some strange words.
The bolt of negative energy hits the lost soul.
The lost soul completely resists.
The bolt of negative energy misses you.
Your water elemental disappears in a puff of smoke!
You feel a strong urge to attack something.
The deep elf death mage completely misses you.
You puncture the deep elf death mage!
Your grab misses the deep elf death mage.
The deep elf death mage is lightly wounded.
The deep elf death mage completely misses you.
You barely miss the deep elf death mage.
Your grab misses the deep elf death mage.
You bite the deep elf death mage! You squeeze the deep elf death mage!
The deep elf death mage is moderately wounded.
You miss the deep elf death mage.
Your grab misses the deep elf death mage.
The deep elf death mage is moderately wounded.
The deep elf death mage is infused with unholy energy.
You die...
Fedhas appreciates your contribution to the ecosystem.

.'W...'[..##..+...'.......'...+..
.######...##......#.......#####..
## ##....##.)..##.....## #.. #
##'#...##....#.....## #..
##.###+...##..#...### ##. ##.##
#....##.###.#.# ##' ##.##
#...§).#...#..# ##.# ##.##
#..P..#.....#.# ##.## ##E##
###+#####@.≈..#### ##.## #.##
#...PPe.#e..*.#..####.## '##
#........#.).#....##.## ##
###P.P..#.###.#....'## # ##
#.##.P.#.P.#P..#....# #
.#######..##PP..###........# #
.##.PP.....##..###.........######
.##..P..⌠.../..# ##........'....+
###...e.)P.##.## ##.....########


You could see a deep elf death mage, a lost soul and a neutral active
ballistomycete (unaware).

Vanquished Creatures
  Mara (Elf:3)
  A deep elf blademaster (Elf:3)
  An azure jelly (Orc:1)
  2 deep elf elementalists
  A stone giant (Orc:1)
  A deep elf demonologist (Elf:3)
  Azrael (Orc:2)
  A death ooze (Orc:1)
  A minotaur (Lab)
  Harold (D:10)
  An ice dragon (Orc:1)
  2 hydras
  3 catoblepae
  Erica (D:10)
  A centaur warrior (D:14)
  A death knight (D:14)
  3 orc high priests (Orc:2)
  15 dancing weapons
  2 deep elf knights
  3 unseen horrors
  9 deep elf archers
  3 orc knights (Orc:2)
  5 hill giants
  Pikel (D:4)
  A manticore (D:14)
  A necromancer (D:13)
  2 wolf spiders (Lair:8)
  7 orc sorcerers
  32 deep elf magi
  A hornet (Lair:8)
  An ugly thing (D:13)
  A griffon (Lair:4)
  3 cyclopes
  A wandering mushroom (D:11)
  An octopode (shapeshifter) (Elf:1)
  14 black mambas
  3 ice statues (IceCv)
  13 spiny frogs
  4 rime drakes
  6 komodo dragons
  A queen bee (Lair:8)
  4 polar bears
  4 trolls
  14 blink frogs
  A two-headed ogre (D:10)
  A slime creature (Orc:1)
  The ghost of M4edhros the Covert, an amateur OpAr (D:4)
  Sigmund (D:2)
  11 wyverns
  2 vampires
  2 air elementals
  A water elemental (Elf:1)
  2 shadows (Lab)
  49 yaks
  4 fire elementals (Orc:2)
  2 basilisks
  3 wraiths
  10 hippogriffs
  2 hungry ghosts
  2 wargs (Orc:2)
  A mottled dragon (D:13)
  2 nagas (Orc:1)
  15 water moccasins
  3 soldier ants
  A hell hound (Orc:2)
  19 porcupines
  3 sky beasts
  2 eyes of draining
  4 phantoms
  2 slaves
  2 black bears
  25 orc warriors
  7 ice beasts
  5 wasps
  15 ogres
  10 wolves
  13 centaurs
  15 crocodiles
  2 big kobolds
  17 giant frogs
  4 earth elementals
  A wyvern skeleton (D:12)
  3 scorpions
  3 wights
  A howler monkey (D:11)
  3 electric eels
  5 jellies
  6 crimson imps
  A centaur zombie (D:5)
  A giant frog zombie (D:5)
  25 orc wizards
  23 orc priests
  5 giant frog skeletons
  6 hounds
  4 centaur skeletons
  Terence (D:2)
  12 iguanas
  14 worker ants
  A killer bee zombie (D:7)
  17 sheep
  A howler monkey skeleton (D:10)
  3 gnolls (D:8)
  18 adders
  42 river rats
  A shadow imp (D:9)
  3 oozes
  An adder zombie (D:5)
  An adder skeleton (D:8)
  4 worms
  4 dart slugs
  9 giant geckos
  95 orcs
  8 bats
  5 giant cockroaches
  7 goblins
  12 hobgoblins
  12 jackals
  3 quokkas
  A giant gecko skeleton (D:9)
  8 giant newts
  2 jackal skeletons (D:4)
  18 kobolds
  A quokka skeleton (D:6)
  10 rats
  A plant (Lair:8)
  2 toadstools
840 creatures vanquished.

Vanquished Creatures (collateral kills)
  An orc warlord (Orc:2)
  The ghost of kirsanium the Fighter, a journeyman MiFi of Okawaru (Lair:2)
  Snorg (D:13)
  A centaur warrior (D:14)
  5 dancing weapons
  Urug (D:10)
  An orc high priest (Orc:2)
  4 deep elf knights
  4 hill giants
  2 deep elf archers (Elf:1)
  A necromancer (D:13)
  9 deep elf magi
  3 ugly things (D:12)
  An orc sorcerer (Orc:2)
  2 cyclopes
  A guardian serpent (Lair:8)
  2 spiny frogs (Lair:8)
  A gargoyle (D:10)
  2 centaur skeletons (D:14)
  A troll (Orc:2)
  2 komodo dragons
  A queen bee (shapeshifter) (Elf:1)
  2 two-headed ogres (Orc:2)
  2 blink frogs
  2 air elementals (Elf:1)
  A wraith (D:11)
  2 wyverns
  15 yaks
  3 water elementals
  2 fire elementals (Orc:2)
  A hungry ghost (D:14)
  3 wargs (Orc:2)
  A porcupine (D:11)
  A water moccasin (Lair:8)
  A hell hound (Orc:2)
  17 orc warriors
  A black bear (D:10)
  2 ice beasts
  A wasp (Lair:8)
  3 wolves (Lair:8)
  9 ogres
  2 crocodiles (D:11)
  3 centaurs
  A wyvern zombie (D:6)
  An earth elemental (Elf:1)
  A scorpion (D:6)
  3 killer bees (D:10)
  6 wights
  10 orc priests
  A hound (D:10)
  A jelly (Orc:1)
  2 iguanas
  6 orc wizards (Orc:2)
  4 worker ants
  3 sheep
  A worker ant zombie (D:6)
  3 river rats (Lair:2)
  An adder (Lair:8)
  A howler monkey skeleton (D:10)
  An adder skeleton (D:6)
  40 orcs
  A goblin (D:7)
  A hobgoblin (D:7)
  A quokka (D:6)
  3 giant spores (Elf:3)
213 creatures vanquished.

Vanquished Creatures (others)
  A merfolk impaler (Elf:2)
  A deep elf archer (Elf:1)
  A wolf spider zombie (D:14)
  2 oklob plants
  A cyclops (D:14)
  A centaur skeleton (D:10)
  A merfolk (Orc:2)
  A troll (D:10)
  A naga (Lair:2)
  2 necrophages
  The ghost of AnotherOne the Skirmisher, an amateur GrFi (D:3)
  An orc priest (D:7)
  3 orc wizards
  A worker ant zombie (D:10)
  A river rat (Lair:7)
  2 kobolds (D:3)
  36 wandering mushrooms
  8 ballistomycetes (Elf:3)
  16 fungi
  A giant spore (Elf:3)
  25 plants
  883 toadstools
990 creatures vanquished.

Grand Total: 2043 creatures vanquished

Notes
Turn   | Place    | Note
--------------------------------------------------------------
     0 | D:1      | M4edhros the Octopode Artificer began the quest for the Orb.
     0 | D:1      | Reached XP level 1. HP: 13/13 MP: 3/3
   135 | D:1      | Reached XP level 2. HP: 7/18 MP: 4/4
   678 | D:2      | Noticed Sigmund
   688 | D:2      | Killed Sigmund
   688 | D:2      | Reached XP level 3. HP: 17/23 MP: 5/5
   688 | D:2      | Reached XP level 4. HP: 21/28 MP: 6/6
   688 | D:2      | Reached XP level 5. HP: 25/33 MP: 7/7
   775 | D:2      | Noticed Terence
   784 | D:2      | Killed Terence
   943 | D:2      | Reached XP level 6. HP: 28/38 MP: 8/8
  1838 | D:4      | Found an iron altar of Okawaru.
  2007 | D:4      | Reached skill level 10 in Stealth
  2007 | D:4      | Reached XP level 7. HP: 38/43 MP: 9/9
  2193 | D:4      | Noticed M4edhros's ghost (amateur OpAr)
  2258 | D:4      | Noticed Pikel
  3341 | D:3      | Noticed AnotherOne's ghost (amateur GrFi)
  3384 | D:3      | Found a glowing golden altar of the Shining One.
  3760 | D:4      | Killed Pikel
  3760 | D:4      | Reached XP level 8. HP: 36/48 MP: 10/10
  3820 | D:5      | Entered Level 5 of the Dungeon
  3868 | D:5      | Got a crystal hunting sling
  3895 | D:5      | Identified the cursed +1 hunting sling of Syosoog {flame, rN+ Str+8} (You found it on level 5 of the Dungeon)
  4388 | D:5      | Gained mutation: Your magical capacity is low (-10% MP). [mutagenic meat]
  4389 | D:5      | Gained mutation: You are agile. (Dex +2) [mutagenic meat]
  4390 | D:5      | Gained mutation: You are resistant to hostile enchantments. [mutagenic meat]
  4391 | D:5      | Gained mutation: Your spells are a little easier to cast, but a little less powerful. [mutagenic meat]
  4674 | D:5      | Reached XP level 9. HP: 32/53 MP: 10/10
  5475 | D:5      | Reached skill level 1 in Slings
  5763 | D:5      | Reached skill level 15 in Stealth
  5896 | D:7      | Found a sacrificial altar of Ru.
  6387 | D:7      | Found a staircase to the Ecumenical Temple.
  7148 | D:8      | Reached skill level 1 in Polearms
  7545 | Temple   | Entered the Ecumenical Temple
  7583 | Temple   | Became a worshipper of Fedhas Madash
  7845 | D:2      | Found a deep blue altar of Sif Muna.
  7972 | D:2      | Found a shimmering altar of Xom.
  7994 | D:2      | Fell from the grace of Fedhas
  7994 | D:2      | Became a worshipper of Xom of Chaos
  8003 | D:2      | XOM: divination: detect creatures
  8021 | D:3      | Noticed a wandering mushroom
  8021 | D:3      | Noticed an oklob plant
  8021 | D:3      | Noticed a wandering mushroom
  8021 | D:3      | Noticed an oklob plant
  8021 | D:3      | Noticed an oklob plant
  8021 | D:3      | Noticed a wandering mushroom
  8021 | D:3      | Noticed an oklob plant
  8216 | Temple   | Fell from the grace of Xom
  8216 | Temple   | Became a worshipper of Fedhas Madash
  8237 | D:8      | XOM: medium Ice miscast
  8404 | D:5      | XOM: summons 4 hostile shadow creatures
  9365 | D:4      | Reached XP level 10. HP: 48/65 MP: 11/11
  9367 | D:4      | Reached skill level 5 in Dodging
  9465 | D:4      | XOM: cast spell 'Excruciating Wounds'
  9578 | D:3      | XOM: mild Summ miscast
  9632 | D:3      | Killed an oklob plant
  9636 | D:3      | Killed AnotherOne's ghost
  9765 | D:4      | Killed M4edhros's ghost
  9765 | D:4      | Reached skill level 5 in Fighting
 10125 | D:6      | Found a basalt altar of Yredelemnul.
 10395 | D:7      | Reached * piety under Fedhas
 11166 | D:8      | Found a radiant altar of Vehumet.
 11483 | D:9      | Reached skill level 1 in Invocations
 11525 | D:9      | XOM: mild Divn miscast
 11606 | D:9      | Reached ** piety under Fedhas
 11676 | D:9      | Found a burning altar of Makhleb.
 11677 | D:9      | Found a glowing silver altar of Zin.
 11677 | D:9      | Noticed an angel
 11678 | D:9      | Noticed an Executioner
 11783 | D:9      | Found a bloodstained altar of Trog.
 12457 | D:9      | XOM: stat loss: -1 Str (11/12)
 12843 | D:10     | Entered Level 10 of the Dungeon
 12966 | D:10     | XOM: give mutations
 12966 | D:10     | Lost mutation: You are agile. (Dex +2) [Xom's mischief]
 12966 | D:10     | Gained mutation: Your magical capacity is very low (-20% MP). [Xom's mischief]
 12993 | D:10     | XOM: stat loss: -3 Int (11/14)
 13002 | D:10     | Noticed a hill giant
 13107 | D:10     | Noticed a gargoyle
 13112 | D:10     | Killed a hill giant
 13115 | D:10     | Killed a gargoyle
 13133 | D:10     | Found Nycsek's Jewellery Boutique.
 13213 | D:10     | Reached skill level 5 in Polearms
 13269 | D:10     | XOM: polymorph wandering mushroom -> oklob plant
 13435 | D:10     | XOM: summons 2 hostile shadow creatures
 13512 | D:10     | XOM: confusion
 13514 | D:10     | Lost mutation: Your magical capacity is very low (-20% MP). [potion of mutation]
 13514 | D:10     | Gained mutation: Your magical capacity is very low (-20% MP). [potion of mutation]
 13514 | D:10     | Gained mutation: You are partially covered in yellow scales (AC +2). [potion of mutation]
 13603 | D:10     | XOM: medium Air miscast
 13864 | D:10     | Reached skill level 5 in Evocations
 13923 | D:10     | XOM: polymorph oklob plant -> death cob
 14036 | D:10     | XOM: god gift: 41 gold pieces
 14060 | D:10     | Noticed a hill giant
 14096 | D:10     | Killed a hill giant
 14356 | D:10     | Reached XP level 11. HP: 70/72 MP: 11/11
 14389 | D:10     | Noticed Harold
 14402 | D:10     | Killed Harold
 14402 | D:10     | Reached skill level 5 in Invocations
 14414 | D:10     | Noticed Urug
 14429 | D:10     | Killed Urug
 14741 | D:10     | Noticed Erica
 14753 | D:10     | Killed Erica
 14939 | D:10     | Noticed a cyclops
 14966 | D:10     | XOM: mild Fire miscast
 14969 | D:10     | Killed a cyclops
 15372 | D:11     | Found Bypheges's Magic Scroll Shop.
 15414 | D:11     | Noticed a hill giant
 15438 | D:11     | Killed a hill giant
 15497 | D:11     | Noticed a hill giant
 15509 | D:11     | Killed a hill giant
 16212 | D:10     | XOM: medium Trmt miscast
 16438 | D:11     | XOM: enchant monster (bad)
 16509 | D:11     | Found a staircase to the Lair.
 16576 | D:11     | Noticed an unseen horror
 16582 | D:11     | Killed an unseen horror
 16803 | D:11     | Found a staircase to the Orcish Mines.
 17096 | D:11     | XOM: noise
 17165 | D:12     | XOM: noise
 17165 | D:12     | Noticed a purple ugly thing
 17171 | D:12     | Killed a purple ugly thing
 17171 | D:12     | Reached XP level 12. HP: 51/77 MP: 14/14
 17253 | D:12     | XOM: 1-stop teleportation journey
 18001 | D:12     | XOM: noise
 18063 | D:12     | Gained mutation: You are partially covered in iridescent scales (AC +4). [mutagenic meat]
 18064 | D:12     | Gained mutation: Your natural rate of healing is unusually fast. [mutagenic meat]
 18065 | D:12     | Gained mutation: Your mind is acute. (Int +2) [mutagenic meat]
 18171 | D:12     | Reached *** piety under Fedhas
 18220 | D:12     | XOM: polymorph wandering mushroom -> oklob plant
 18326 | D:12     | XOM: polymorph wandering mushroom -> thorn hunter
 18472 | D:12     | XOM: polymorph thorn hunter -> death cob
 18870 | D:13     | Noticed Snorg
 18899 | D:13     | Killed Snorg
 18922 | D:13     | Found a labyrinth entrance.
 18931 | Lab      | Entered a labyrinth
 18969 | Lab      | XOM: god gift: 13 gold pieces
 19235 | Lab      | XOM: 1-stop teleportation journey
 19274 | Lab      | XOM: 1-stop teleportation journey
 19307 | Lab      | Noticed a minotaur
 19309 | Lab      | HP: 1/79 [minotaur (5)]
 19399 | Lab      | Killed a minotaur
 19499 | Lab      | Identified a +1 rod of inaccuracy (12/12) (You found it in a labyrinth)
 19759 | D:13     | Reached skill level 1 in Maces & Flails
 19764 | D:13     | XOM: give mutations
 19764 | D:13     | Lost mutation: Your mind is acute. (Int +2) [Xom's mischief]
 19764 | D:13     | Gained mutation: You occasionally shout uncontrollably at your foes. [Xom's mischief]
 19764 | D:13     | Lost mutation: Your spells are a little easier to cast, but a little less powerful. [Xom's mischief]
 19764 | D:13     | Lost mutation: You are partially covered in iridescent scales (AC +4). [Xom's mischief]
 19764 | D:13     | Was forgiven by Xom
 20001 | D:13     | Found a gate to the Vaults.
 20351 | D:13     | Noticed an eight-headed hydra
 20357 | D:13     | Killed an eight-headed hydra
 20486 | D:13     | Gained mutation: You are robust (+10% HP). [mutagenic meat]
 20487 | D:13     | Gained mutation: Your mind is acute. (Int +2) [mutagenic meat]
 20563 | D:14     | Reached XP level 13. HP: 80/91 MP: 15/15
 20806 | D:14     | Gained mutation: You have very sharp teeth. [potion of beneficial mutation]
 20954 | D:14     | Reached skill level 10 in Dodging
 21240 | D:14     | Reached skill level 5 in Maces & Flails
 21350 | D:14     | Learned a level 2 spell: Swiftness
 21354 | D:14     | Learned a level 3 spell: Tukima's Dance
 21359 | D:14     | Learned a level 4 spell: Passage of Golubria
 21561 | D:14     | Reached **** piety under Fedhas
 21751 | D:15     | Entered Level 15 of the Dungeon
 21827 | Lair:1   | Entered Level 1 of the Lair of Beasts
 21998 | Lair:1   | HP: 4/91 [poisoned by a black mamba]
 22004 | Lair:1   | HP: 4/91 [poisoned by a black mamba]
 22010 | Lair:1   | HP: 4/91 [poisoned by a black mamba]
 22592 | Lair:1   | Gained mutation: Your skin blends seamlessly with your surroundings (Stealth). [potion of beneficial mutation]
 22599 | Lair:1   | Hired Jagruici the naga for 143 gold.
 22607 | Lair:1   | Drew Focus: Dex increased to 17, Str decreased to 11
 22971 | Lair:2   | Noticed kirsanium's ghost (journeyman MiFi)
 22982 | Lair:2   | Your ally Jagruici died
 23557 | Lair:2   | Killed kirsanium's ghost
 24009 | Lair:2   | Reached skill level 10 in Evocations
 24941 | Lair:3   | Reached XP level 14. HP: 96/99 MP: 17/17
 25287 | Lair:4   | Reached ***** piety under Fedhas
 25720 | Lair:4   | You fall through a shaft for 2 floors!
 26352 | Lair:5   | Found a hole to the Spider Nest.
 26445 | Lair:5   | Learned a level 3 spell: Ozocubu's Armour
 27042 | Lair:6   | Found a staircase to the Swamp.
 27428 | Lair:6   | Reached skill level 1 in Hexes
 27478 | Lair:6   | Reached skill level 1 in Charms
 27852 | Lair:7   | Found a staircase to the Slime Pits.
 28428 | Lair:7   | Reached ****** piety under Fedhas
 28516 | Lair:8   | Entered Level 8 of the Lair of Beasts
 29990 | Lair:8   | Reached skill level 10 in Maces & Flails
 30019 | Lair:8   | Reached XP level 15. HP: 30/103 MP: 19/19
 30866 | Orc:1    | Entered Level 1 of the Orcish Mines
 30901 | Orc:1    | Found Qumew's Weapon Boutique.
 31090 | Orc:1    | Found a frozen archway.
 31187 | IceCv    | Entered an ice cave
 31430 | IceCv    | Got a scorched buckler
 31436 | IceCv    | Identified the +0 buckler "Othedd" {+Blink rF- MR+} (You found it in an ice cave)
 31498 | Orc:1    | Noticed an azure jelly
 31501 | Orc:1    | Killed an azure jelly
 31596 | Orc:1    | Hired Inuav the merfolk for 302 gold.
 31597 | Orc:1    | Hired Sutziorgh the merfolk for 323 gold.
 31606 | Orc:1    | Drew Focus: Dex increased to 20, Str decreased to 10
 31739 | Orc:2    | Entered Level 2 of the Orcish Mines
 31947 | Orc:2    | Noticed Azrael
 31954 | Orc:2    | Killed Azrael
 32184 | Orc:2    | Your ally Sutziorgh died
 32634 | Orc:2    | Noticed an orc warlord
 32645 | Orc:2    | Killed an orc warlord
 32661 | Orc:2    | Found a roughly hewn altar of Beogh.
 32672 | Orc:2    | Reached skill level 5 in Hexes
 32843 | Orc:2    | Found Hoimn's Armour Emporium.
 32851 | Orc:2    | Reached skill level 5 in Charms
 33052 | Orc:2    | Found Gulailaa's Gadget Shop.
 33214 | Orc:2    | Found a staircase to the Elven Halls.
 33374 | Orc:2    | Found a roughly hewn altar of Beogh.
 33538 | Orc:2    | Found Zaqodwuq's Food Emporium.
 33548 | Orc:2    | Found Opaulu's Antique Armour Shoppe.
 33556 | Orc:2    | Bought a runed hat for 136 gold pieces
 33693 | Orc:2    | Identified a +3 rod of shadows (10/10) (You took it off an orc warrior on level 2 of the Orcish Mines)
 33694 | Orc:2    | Bought the cursed +0 buckler "Mist" {MR+} for 211 gold pieces
 33828 | Elf:1    | Entered Level 1 of the Elven Halls
 33890 | Elf:1    | Reached skill level 1 in Shields
 33894 | Elf:1    | Gained mutation: You are somewhat resistant to further mutation. [mutagenic meat]
 33895 | Elf:1    | Lost mutation: You are resistant to hostile enchantments. [mutagenic meat]
 34321 | Elf:1    | Found Raufre Iwkot's Weapon Emporium.
 34798 | Elf:1    | Reached XP level 16. HP: 102/111 MP: 18/21
 35150 | Elf:1    | Gained mutation: Scrolls take you a little longer to read. [mutagenic meat]
 35205 | Elf:1    | Reached skill level 5 in Shields
 35570 | Elf:2    | Found a huge runed gate.
 35570 | Elf:2    | Found a huge runed gate.
 35571 | Elf:2    | Found a huge runed gate.
 35572 | Elf:2    | Found a huge runed gate.
 35575 | Elf:2    | Reached skill level 15 in Evocations
 35578 | Elf:2    | Found a huge runed gate.
 35872 | Elf:2    | Your ally Inuav died
 36251 | Elf:3    | Entered Level 3 of the Elven Halls
 36806 | Elf:3    | Noticed Mara
 36813 | Elf:3    | Noticed M4edhros's illusion
 36818 | Elf:3    | Killed Mara
 37014 | Elf:3    | Noticed a deep elf blademaster
 37024 | Elf:3    | Killed a deep elf blademaster
 37103 | Elf:3    | Noticed Liquid's ghost (adept KoBe)
 37175 | Elf:3    | Noticed a deep elf master archer
 37253 | Elf:3    | Killed from afar by a deep elf death mage

Skill      XL: |  1  2  3  4  5  6  7  8  9 10 11 12 13 14 15 16 |
---------------+-------------------------------------------------+-----
Stealth        | 3 7 8 10 12 14 15 | 15.1
Fighting       | 4 5 6 8 |  8.6
Slings         | 2 3 |  3.1
Dodging        | 4 6 7 9 10 | 10.9
Polearms       | 3 5 8 9 |  9.5
Invocations    | 4 8 9 |  9.2
Evocations     | 5 6 10 12 14 15 | 15.9
Maces & Flails | 3 7 10 | 10.0
Hexes          | 3 5 |  5.4
Charms         | 3 5 |  5.4
Shields        | 3 8 |  8.1
Short Blades   | |  1.0

Action                   |  1- 3 |  4- 6 |  7- 9 | 10-12 | 13-15 | 16-18 || total
-------------------------+-------+-------+-------+-------+-------+-------++-------
Melee: Short sword       |    46 |       |       |       |       |       ||    46
       Constrict         |     4 |    13 |    51 |    70 |   113 |    20 ||   271
       Tentacles         |     6 |     6 |    41 |    74 |   136 |    32 ||   295
       Scythe            |       |    71 |   330 |   511 |       |       ||   912
       Morningstar       |       |       |       |    20 |   671 |    88 ||   779
       Bite              |       |       |       |       |    67 |    18 ||    85
 Cast: Swiftness         |       |       |       |       |     1 |       ||     1
       Ozocubu's Armour  |       |       |       |       |     2 |       ||     2
Invok: Evolution         |       |       |       |    21 |    17 |     3 ||    41
       Sunlight          |       |       |       |    20 |    61 |    16 ||    97
       Rain              |       |       |       |       |     2 |     1 ||     3
       Reproduction      |       |       |       |       |       |     2 ||     2
Evoke: Wand              |     2 |     3 |    47 |    24 |    41 |       ||   117
       Phial of floods   |       |       |       |     2 |     3 |     2 ||     7
       Rod               |       |       |       |    11 |   145 |    47 ||   203
       Deck              |       |       |       |       |    25 |       ||    25
  Use: Scroll            |       |       |     6 |    19 |    16 |     3 ||    44
       Potion            |       |       |     8 |    10 |    10 |     3 ||    31
 Stab: Sleeping          |     3 |    15 |    40 |    42 |    49 |     8 ||   157
       Distracted        |       |       |     6 |     8 |     7 |     1 ||    22
       Invisible         |       |       |     3 |       |       |       ||     3
       Paralysed         |       |       |     1 |       |       |       ||     1
       Confused          |       |       |       |    10 |     5 |       ||    15
  Eat: Bread ration      |       |     1 |       |     2 |     3 |     1 ||     7
       Chunk             |       |     4 |    23 |    10 |    16 |     5 ||    58
       Royal jelly       |       |       |     2 |     6 |     4 |       ||    12
       Beef jerky        |       |       |     1 |     1 |     6 |     1 ||     9
       Meat ration       |       |       |       |     4 |     3 |     1 ||     8
       Pizza             |       |       |       |       |       |     1 ||     1
Armor: Skin              |    10 |       |    16 |    74 |    27 |     1 ||   128
Dodge: Dodged            |    31 |    44 |   205 |   303 |   510 |    49 ||  1142
Block: Other             |       |    14 |   112 |   141 |   170 |       ||   437
       Reflection        |       |       |     3 |     1 |    18 |     6 ||    28
       Buckler           |       |       |       |       |    20 |    41 ||    61
